 Dungeon Crawl Stone Soup version 0.31.0-32-g396128a36d (webtiles) character file.

Game seed: 18317487308057208545

167247 namarukai the Severer (level 17, -9/223 (237) HPs)
             Began as a Hill Orc Monk on Apr 12, 2024.
             Was the Champion of Beogh.
             Mangled by a demonspawn corrupter
             ... wielding a +1 demon blade of electrocution
              (20 damage)
             ... on level 4 of the Abyss on Apr 15, 2024.
             The game lasted 01:43:10 (37764 turns).

namarukai the Severer (Hill Orc Monk)              Turns: 37764, Time: 01:43:11

HP:   -9/223 (237)  AC: 37    Str: 26    XL:     17   Next: 92%
MP:   27/27         EV:  8    Int:  5    God:    Beogh [******]
Gold: 1090          SH: 22    Dex:  9    Spells: 16/16 levels left

rFire   + . .        z - +7 broad axe (flame)
rCold   + . .        R - +2 tower shield {rC+ rF+}
rNeg    + . .        q - +8 chain mail "Gaefynu" {Slay+6 SInv}
rPois   +            C - +2 helmet
rElec   .            y - +2 cloak {rCorr}
rCorr   +            U - +2 pair of gloves
SInv    +            N - +0 pair of boots
Will    +....        l - amulet "Boocanue" {Reflect ^Fragile rPois rCorr SH+5 Stlth+} Stlth
                     t - +4 ring of protection
HPRegen 0.57/turn    M - ring "Tosusa" {rPois rN+ AC+4 Str+4 Int-5}
MPRegen 0.20/turn

%: reflection
@: berserking, about to teleport, drained, very quick
A: walk on water, [clumsy 2], [deformed body]
a: Renounce Religion, Smiting, Recall Orcish Followers, Give Item to Named
Follower, Resurrection


You were on level 4 of the Abyss.
You worshipped Beogh.
Beogh was exalted by your worship.
You visited 4 branches of the dungeon, and saw 25 of its levels.
You visited the Abyss 2 times.
You also visited: Sewer, Volcano and Desolation.

You collected 4227 gold pieces.
You spent 3137 gold pieces at shops.

Inventory:

Hand Weapons
 h - the +8 frozen axe "Frostbite" {freeze, freezing cloud, *Noise Fly rC+}
   (You took it off a deep elf high priest on level 3 of the Elven Halls)

   rC+:       It protects you from cold.
   Fly:       It grants you flight.
   *Noise:    It may make a loud noise when swung.
 z - a +7 broad axe of flaming (weapon)
 H - the +9 war axe "Wahanem" {flame, Str+4 Int-5 Dex+4}
   (You found it in the Desolation of Salt)

   Str+4:     It affects your strength (+4).
   Int-5:     It affects your intelligence (-5).
   Dex+4:     It affects your dexterity (+4).
 J - a +0 spear of venom
Missiles
 j - 16 boomerangs
 o - 5 atropa-tipped darts
 p - 3 javelins (quivered)
 s - 63 poisoned darts
 E - 2 throwing nets
 I - 5 darts of dispersal
 S - a curare-tipped dart
 Z - 6 silver javelins
Armour
 a - a scarf of repulsion
 q - the +8 chain mail "Gaefynu" (worn) {Slay+6 SInv}
   (You found it on level 3 of the Lair of Beasts)

   Slay+6:    It affects your accuracy & damage with ranged weapons and melee
   (+6).
   SInv:      It lets you see invisible.
 y - a +2 cloak of preservation (worn)
 C - a +2 helmet (worn)
 N - a +0 pair of boots (worn)
 R - a +2 tower shield of resistance (worn)
 U - a +2 pair of gloves (worn)
Jewellery
 e - a ring of poison resistance
 l - the amulet "Boocanue" (around neck) {Reflect ^Fragile rPois rCorr SH+5 Stlth+}
   (You bought it in a shop on level 2 of the Orcish Mines)

   [amulet of reflection]

   Reflect:   It reflects blocked missile attacks.
   rPois:     It protects you from poison rCorr: It protects you from acid and
   corrosion.
   ^Fragile:  It will be destroyed if unequipped.
   SH+5:      It affects your SH (+5).
   Stlth+:    It makes you more stealthy.
 t - a +4 ring of protection (left hand)
 M - the ring "Tosusa" (right hand) {rPois rN+ AC+4 Str+4 Int-5}
   (You found it on level 10 of the Dungeon)

   [ring of protection]

   AC+4:      It affects your AC (+4).
   Str+4:     It affects your strength (+4).
   Int-5:     It affects your intelligence (-5).
   rPois:     It protects you from poison rN+: It protects you from negative
   energy.
 P - the ring of Cynicism {rC+ Dex+4}
   (You took it off a servant of whispers in the Desolation of Salt)

   [ring of protection from cold]

   Dex+4:     It affects your dexterity (+4).
   rC+:       It protects you from cold.
 V - the amulet "Kueg" {Harm rPois rC- Regen+}
   (You took it off a deep elf death mage on level 3 of the Elven Halls)

   [amulet of regeneration]

   rC-:       It makes you vulnerable to cold.
   rPois:     It protects you from poison Regen+: It increases your rate of
   health regeneration.
   Harm:      It increases damage dealt and taken.
 W - an amulet of regeneration
 Y - a ring of ice
Wands
 m - a wand of light (29)
 n - a wand of flame (86)
 w - a wand of paralysis (27)
 x - a wand of roots (13)
 D - a wand of polymorph (6)
 F - a wand of mindburst (27)
 Q - a wand of digging (8)
Scrolls
 b - 4 scrolls of vulnerability
 d - 3 scrolls of fog
 g - 13 scrolls of teleportation
 i - a scroll of silence
 r - 5 scrolls of poison
 X - 5 scrolls of identify
Potions
 c - 3 potions of ambrosia
 v - 3 potions of might
 A - a potion of cancellation
 B - 9 potions of curing
 G - 3 potions of enlightenment
 K - 6 potions of mutation
 L - 2 potions of invisibility
Miscellaneous
 O - a phantom mirror
 T - a tin of tremorstones (2/2)


   Skills:
 + Level 16.3 Fighting
 - Level 20.6 Axes
 * Level 10.1 Throwing
 + Level 14.6 Armour
 - Level 2.4 Dodging
 * Level 10.0 Shields
 * Level 14.2 Invocations
 * Level 11.1 Evocations


You had 16 spell levels left.
You didn't know any spells.
Your spell library contained the following spells:

 Spells                   Type           Power      Damage    Failure   Level
 Apportation              Tloc           0%         N/A       99%         1
 Foxfire                  Conj/Fire      0%         2x1d4     99%         1
 Kiss of Death            Conj/Necr      0%         2d5       99%         1
 Magic Dart               Conj           0%         1d3       99%         1
 Shock                    Conj/Air       0%         1d3       99%         1
 Sting                    Conj/Alch      0%         1d3       99%         1
 Blink                    Tloc           0%         N/A       100%        2
 Call Imp                 Summ           0%         N/A       100%        2
 Jinxbite                 Hex            0%         N/A       100%        2
 Mercury Vapours          Alch/Air       0%         N/A       100%        2
 Momentum Strike          Conj/Tloc      0%         3d8       100%        2
 Scorch                   Fire           0%         2d5       100%        2
 Dazzling Flash           Conj/Hex       0%         N/A       100%        3
 Frozen Ramparts          Ice            0%         1d1       100%        3
 Fugue of the Fallen      Necr           0%         N/A       100%        3
 Mephitic Cloud           Conj/Alch/Air  0%         N/A       100%        3
 Ozocubu's Armour         Ice            0%         N/A       100%        3
 Swiftness                Air            0%         N/A       100%        3
 Tukima's Dance           Hex            0%         N/A       100%        3
 Volatile Blastmotes      Fire/Tloc      0%         2d10      100%        3
 Airstrike                Air            0%         2d(0-16)  100%        4
 Animate Armour           Summ/Erth      0%         N/A       100%        4
 Cause Fear               Hex            0%         N/A       100%        4
 Dimensional Bullseye     Hex/Tloc       0%         N/A       100%        4
 Flame Wave               Conj/Fire      0%         2d4       100%        4
 Fulminant Prism          Conj/Alch      0%         3d5       100%        4
 Ignite Poison            Fire/Alch      0%         N/A       100%        4
 Iskenderun's Mystic Bla  Conj/Tloc      0%         2d3       100%        4
 Leda's Liquefaction      Alch/Erth      0%         N/A       100%        4
 Manifold Assault         Tloc           0%         N/A       100%        4
 Olgreb's Toxic Radiance  Alch           0%         N/A       100%        4
 Petrify                  Alch/Erth      0%         N/A       100%        4
 Sticky Flame             Fire/Alch      0%         2d4       100%        4
 Vhi's Electric Charge    Tloc/Air       0%         N/A       100%        4
 Alistair's Intoxication  Alch           0%         N/A       100%        5
 Irradiate                Conj/Alch      0%         3d11      100%        5
 Metabolic Englaciation   Hex/Ice        0%         N/A       100%        5
 Bombard                  Conj/Erth      0%         9d1       100%        6
 Dispersal                Tloc           0%         N/A       100%        6
 Eringya's Noxious Bog    Alch           0%         4d6       100%        6
 Plasma Beam              Fire/Air       0%         2x1d10    100%        6
 Sculpt Simulacrum        Ice/Alch       0%         N/A       100%        6
 Starburst                Conj/Fire      0%         6d3       100%        6
 Summon Cactus Giant      Summ           0%         N/A       100%        6
 Discord                  Hex            0%         N/A       100%        8
 Disjunction              Tloc           0%         N/A       100%        8
 Ignition                 Fire           0%         3d3       100%        8
 Lehudib's Crystal Spear  Conj/Erth      0%         10d2      100%        8
 Maxwell's Capacitive Co  Air            0%         ∞         100%        8
 Shatter                  Erth           0%         3d5*      100%        9


Dungeon Overview and Level Annotations

Branches:
Dungeon (15/15) Temple (0/1) D:4 Lair (5/5) D:9 Shoals (0/4) Lair:2 Snake (0/4) Lair:2 Slime (0/5) Lair:4 Orc (2/2) D:9 Elf (3/3) Orc:2 Vaults (0/5) D:14 D:15 Depths (0/4) D:15 Sewer (visited) Volcano (visited) Desolation (visited)

Altars:
Cheibriados
Dithmenos
Gozag
Hepliaklqana
Kikubaaqudgha
Makhleb
Okawaru
Ru
Sif Muna
Uskayaw
Vehumet
Wu Jian
Yredelemnul
Beogh
Jiyva

Shops:
D:2 [[[   D:10 !   D:14 (*   D:15 ?[([   Orc:2 *=?=   Elf:1 *!=

Annotations:
D:4 2 transporters, cfcfcfcfcf's ghost, amateur TeFi
D:7 3 runed translucent doors, CapUranus's ghost, novice HOFi
Lair:3 2 transporters, Peloso's ghost, journeyman MiFi


Innate Abilities, Weirdness & Mutations

You can walk on water.
[You are very clumsy. (Dex -4)]
[Armour fits poorly on your strangely shaped body.]


Message History

The golden dragon claws you but does no damage.
You block the golden dragon's attack.
You hit the golden dragon.
The golden dragon is heavily wounded.
You hit the demonspawn corrupter but do no damage.
You barely miss the acid blob. You slice the flayed ghost!!
You burn the flayed ghost!
You destroy the flayed ghost!
The terrible wounds on your body vanish.
The flayed ghost disappears in a puff of smoke!
You block the golden dragon's attack. x2
The golden dragon tramples you but does no damage.
The demonspawn corrupter calls forth creatures from the Vaults!
The acid blob spits acid at you.
The splash of acid hits you but does no damage.
Unknown command.
You slash the golden dragon! You burn the golden dragon.
The golden dragon is heavily wounded.
You slash the demonspawn corrupter! You burn the demonspawn corrupter!
You slash the acid blob! You burn the acid blob.
Your hands burn!
* * * LOW HITPOINT WARNING * * *
You slash the moth of wrath! You burn the moth of wrath!
The moth of wrath disappears in a puff of smoke!
You block the golden dragon's attack.
The golden dragon claws you but does no damage.
The golden dragon completely misses you.
You block the demonspawn corrupter's attack.
The demonspawn corrupter closely misses you.
The golden dragon bites you!!
* * * LOW HITPOINT WARNING * * *
You block the golden dragon's attack.
The golden dragon tramples you but does no damage.
You block the acid blob's attack.
You hear a shout!
A red film seems to cover your vision as you go berserk!
You feel yourself moving faster!
You feel mighty!
You block the golden dragon's attack. x3
The demonspawn corrupter hits you but does no damage.
You are electrocuted!!
You die...

#. # ..
.♣♣.~~# ..
♣ ... ♣ .
.#.. . ...
#.# #..
....#..###
...#.. ..
....# #
..#.
#....#.##
## #.§#
##J#§##..
#@Dp9.....
#J6J......
####'##...
.. ..
.##.. . #
#


You could see a golden dragon (summoned, berserk), 3 acid blobs, a demonspawn
corrupter, a war gargoyle (summoned) and an ironbound convoker (summoned).

Vanquished Creatures
  3 deep elf blademasters
  3 deep elf master archers (Elf:3)
  A tentacled starspawn (Abyss:3)
  An imperial myrmidon (Desolation)
  3 deep elf elementalists (Elf:3)
  A deep elf death mage (Elf:3)
  4 deep elf annihilators (Elf:3)
  2 halazid warlocks (Desolation)
  A deep elf demonologist (Elf:3)
  7 ragged hierophants
  4 deep elf high priests (Elf:3)
  A fire dragon (Volcano)
  3 crystal guardians (Desolation)
  4 servants of whispers (Desolation)
  A rakshasa (D:15)
  11 peacekeepers (Desolation)
  3 hydras
  An anaconda (Lair:4)
  5 two-headed ogres
  12 dancing weapons
  2 boulder beetles
  An occultist (D:15)
  A tengu warrior (D:14)
  An orc high priest (Orc:2)
  13 deep elf knights
  A spatial maelstrom (Abyss:3)
  5 starcursed masses (Abyss:3)
  A wretched star (Abyss:4)
  3 skysharks
  Lodul (Abyss:3)
  4 large abominations (Abyss:3)
  2 slime creatures
  3 deep elf archers
  A phantasmal warrior (Abyss:3)
  6 ironbound convokers
  A lindwurm (Volcano)
  An orc knight (Orc:1)
  8 deep elf pyromancers
  6 deep elf zephyrmancers
  2 manticores
  2 orc sorcerers (Orc:2)
  3 ugly things
  A cyclops (D:11)
  6 elephants
  2 merfolk sirens (Lair:2)
  A kobold blastminer (Orc:1)
  8 black mambas
  A guardian serpent (Desolation)
  2 molten gargoyles (Volcano)
  An unseen horror zombie (D:10)
  A centaur skeleton (D:15)
  6 komodo dragons
  7 cane toads
  2 tengu conjurers
  3 trolls
  3 polar bears (Lair:5)
  A polar bear (shapeshifter) (D:11)
  A queen bee (shapeshifter) (D:14)
  45 saltlings (Desolation)
  A hornet (Lair:4)
  6 blink frogs
  4 raiju (Abyss:3)
  5 dream sheep
  8 spriggans (Lair:5)
  A ynoxinul (Abyss:3)
  A shadow (D:12)
  4 wyverns
  38 yaks
  2 water elementals
  16 fire bats (Volcano)
  6 wraiths
  A human (D:14)
  2 basilisks
  3 steam dragons (D:8)
  A vampire mosquito (D:14)
  3 wargs (Orc:2)
  A chaos spawn (Abyss:3)
  A spatial vortex (Abyss:3)
  An acid dragon (D:9)
  17 water moccasins
  Pargi (Sewer)
  3 ice beasts
  A black bear (shapeshifter) (D:9)
  5 black bears
  9 orc warriors
  7 laughing skulls (Abyss:3)
  5 ogres
  17 wolves
  3 centaurs
  5 boggarts
  A small abomination (Abyss:3)
  3 kobold brigands
  3 necrophages (D:10)
  2 brain worms (Sewer)
  14 bullfrogs
  2 earth elementals
  4 scorpions
  10 wights
  An electric eel (Lair:4)
  8 howler monkeys
  3 lava snakes (Volcano)
  A bombardier beetle (D:5)
  A quasit (Abyss:3)
  A human zombie (D:10)
  A hound (D:4)
  2 jellies (D:7)
  A gnoll bouda (D:6)
  3 orc priests (Orc:2)
  A sleepcap (D:4)
  2 iguanas
  8 orc wizards
  A hell rat (Lair:4)
  9 gnolls
  11 adders
  A white imp (D:7)
  4 ufetubi (D:5)
  4 ribbon worms
  6 orcs
  4 endoplasms
  4 giant cockroaches
  6 goblins
  11 hobgoblins
  A jackal (D:2)
  20 kobolds
  3 quokkas
  5 ball pythons
  7 bats
  5 frilled lizards
  7 rats
  2 starspawn tentacles (Abyss:3)
591 creatures vanquished.

Vanquished Creatures (collateral kills)
  A deep elf blademaster (Elf:1)
  A deep elf master archer (Elf:3)
  2 deep elf elementalists
  A deep elf sorcerer (Elf:1)
  A deep elf annihilator (Elf:3)
  Josephine (D:11)
  A rakshasa (D:15)
  A servant of whispers (Desolation)
  A peacekeeper (Desolation)
  A centaur warrior (D:14)
  3 hydras
  An alligator (Lair:4)
  16 dancing weapons
  2 tengu warriors
  A boulder beetle (D:15)
  A two-headed ogre (Orc:2)
  2 orc high priests
  Urug (D:14)
  A wretched star (Abyss:3)
  4 deep elf knights
  A lindwurm (Lair:5)
  A necromancer (D:15)
  An orc knight (Orc:2)
  3 deep elf archers
  17 deep elf pyromancers
  5 ugly things
  8 deep elf zephyrmancers
  A wolf spider (D:14)
  An orc sorcerer (Orc:2)
  Maurice (D:11)
  A cyclops (D:14)
  2 manticores
  A merfolk siren (Lair:2)
  17 elephants
  2 torpor snails
  A kobold blastminer (Orc:2)
  7 black mambas
  A slime creature (D:15)
  3 centaur zombies
  A centaur skeleton (D:15)
  6 cane toads
  6 komodo dragons
  A rime drake (Lair:2)
  2 polar bears
  A wind drake (shapeshifter) (Elf:2)
  4 trolls
  2 saltlings
  3 hornets (Lair:5)
  7 blink frogs (Lair:2)
  A dream sheep (Lair:2)
  An air elemental (Elf:3)
  A meliai zombie (D:10)
  A shadow (D:12)
  5 spriggans (Lair:5)
  31 yaks
  2 wyverns
  5 wraiths
  A redback simulacrum (D:14)
  15 humans (D:14)
  A steam dragon (Lair:4)
  A basilisk (Lair:2)
  3 wargs (Orc:1)
  3 vampire mosquitoes
  An acid dragon (D:9)
  12 water moccasins
  A hornet zombie (D:15)
  5 orc warriors
  A meliai simulacrum (D:15)
  2 laughing skulls (Abyss:3)
  4 boggarts
  9 wolves
  A centaur (D:11)
  An ogre (Orc:1)
  2 necrophages (D:10)
  A gnoll sergeant (D:7)
  4 bullfrogs
  A crimson imp (Abyss:3)
  10 orc priests
  3 starcursed masses (Abyss:3)
  2 hell rats (Lair:4)
  15 orc wizards
  A mummy (D:10)
  A howler monkey zombie (D:10)
  2 gnolls (D:7)
  A shadow imp (D:7)
  A ribbon worm (D:8)
  17 orcs
  3 kobolds
322 creatures vanquished.

Vanquished Creatures (others)
  2 orc warlords (Elf:3)
  2 orc high priests
  A dancing weapon (Elf:3)
  2 orc sorcerers
  A deep elf zephyrmancer (Elf:1)
  9 orc knights
  A deep elf pyromancer (Elf:2)
  A molten gargoyle (Desolation)
  13 orc warriors
  15 orc priests
  24 orc wizards
  37 orcs
108 creatures vanquished.

Grand Total: 1021 creatures vanquished

Notes
Turn   | Place    | Note
-------+----------+-------------------------------------------
     0 | D:1      | namarukai the Hill Orc Monk began the quest for the Orb.
     0 | D:1      | Reached XP level 1. HP: 19/19 MP: 1/1
    25 | D:1      | Found a faded altar of an unknown god.
    26 | D:1      | Noticed a great orb of eyes
    28 | D:1      | Noticed a glass eye
    28 | D:1      | Noticed an eye of devastation
    28 | D:1      | Noticed a golden eye
   109 | D:1      | Reached XP level 2. HP: 27/27 MP: 2/2
   147 | D:1      | Reached skill level 1 in Armour
   713 | D:1      | Reached XP level 3. HP: 32/33 MP: 3/3
   939 | D:2      | Found Enanky Cigaz's Armour Emporium.
   965 | D:2      | Found a shadowy altar of Dithmenos.
  1138 | D:2      | Reached skill level 5 in Axes
  1257 | D:2      | Reached XP level 4. HP: 39/41 MP: 4/4
  1521 | D:2      | Found Zumol's Armour Shop.
  1631 | D:2      | Found Kyess's Armour Shoppe.
  2005 | D:3      | Reached XP level 5. HP: 47/47 MP: 5/5
  2336 | D:4      | Reached skill level 6 in Axes
  2417 | D:4      | Found a transporter.
  2421 | D:4      | Noticed cfcfcfcfcf's ghost (amateur TeFi)
  2436 | D:4      | Reached skill level 5 in Fighting
  2458 | D:4      | Reached XP level 6. HP: 56/56 MP: 6/6
  2658 | D:4      | Found a staircase to the Ecumenical Temple.
  2671 | D:4      | Reached skill level 7 in Axes
  2676 | D:4      | Reached XP level 7. HP: 54/61 MP: 7/7
  2733 | D:4      | Found a transporter.
  2920 | D:5      | Entered Level 5 of the Dungeon
  2934 | D:5      | Became a worshipper of Beogh the Brigand
  2934 | D:5      | Reached * piety under Beogh
  2934 | D:5      | Reached ** piety under Beogh
  3049 | D:5      | Reached skill level 8 in Axes
  3370 | D:5      | Found a glowing drain.
  3373 | Sewer    | Entered a sewer
  3433 | Sewer    | Noticed Pargi
  3443 | Sewer    | Killed Pargi
  3444 | Sewer    | Reached XP level 8. HP: 58/71 MP: 8/8
  3493 | Sewer    | Reached skill level 9 in Axes
  3918 | D:5      | Reached skill level 5 in Armour
  4106 | D:6      | Reached skill level 10 in Axes
  4487 | D:6      | Reached XP level 9. HP: 64/79 MP: 9/9
  4642 | D:6      | Reached skill level 11 in Axes
  4648 | D:6      | Reached *** piety under Beogh
  5336 | D:7      | Reached skill level 12 in Axes
  5954 | D:7      | Found a runed translucent gate.
  5954 | D:7      | Found a runed translucent gate.
  5954 | D:7      | Found a runed translucent gate.
  5959 | D:7      | Found a burning altar of Makhleb.
  5959 | D:7      | Found a radiant altar of Vehumet.
  5959 | D:7      | Noticed CapUranus's ghost (novice HOFi)
  5960 | D:7      | Found an ancient bone altar of Kikubaaqudgha.
  5974 | D:7      | Found a hazy altar of Hepliaklqana.
  6425 | D:8      | Noticed a two-headed ogre
  6433 | D:8      | Killed a two-headed ogre
  6434 | D:8      | Reached skill level 13 in Axes
  6434 | D:8      | Reached XP level 10. HP: 50/91 MP: 10/10
  6772 | D:8      | Found a snail-covered altar of Cheibriados.
  7263 | D:8      | Found a sacrificial altar of Ru.
  7390 | D:8      | Found a shadowy altar of Dithmenos.
  7880 | D:9      | Found an opulent altar of Gozag.
  7966 | D:9      | Found a staircase to the Lair.
  7974 | D:9      | Reached skill level 14 in Axes
  8044 | D:9      | Found a staircase to the Orcish Mines.
  8205 | D:9      | Reached skill level 10 in Fighting
  8307 | D:9      | Noticed a two-headed ogre
  8319 | D:9      | Killed a two-headed ogre
  8447 | D:9      | Found an iron altar of Okawaru.
  8611 | D:9      | Reached skill level 15 in Axes
  8960 | Orc:1    | Entered Level 1 of the Orcish Mines
  9186 | Orc:1    | Noticed a kobold blastminer
  9195 | Orc:1    | Reached **** piety under Beogh
  9200 | Orc:1    | Killed a kobold blastminer
  9201 | Orc:1    | Reached XP level 11. HP: 54/101 MP: 11/11
  9498 | Orc:2    | Entered Level 2 of the Orcish Mines
  9498 | Orc:2    | Noticed an orc knight
  9503 | Orc:2    | Killed an orc knight
  9599 | Orc:2    | Noticed an orc knight
  9611 | Orc:2    | Gained Wulfoc as an ally
 10061 | Orc:2    | Noticed a two-headed ogre
 10069 | Orc:2    | Killed a two-headed ogre
 10202 | Orc:2    | Found a roughly hewn altar of Beogh.
 10304 | Orc:2    | Noticed an orc sorcerer
 10489 | Orc:1    | Noticed an orc high priest
 10496 | Orc:1    | Reached skill level 16 in Axes
 10500 | Orc:1    | HP: 4/102 [warg[an orc high priest] (8)]
 10502 | Orc:1    | Reached ***** piety under Beogh
 10502 | Orc:1    | Killed an orc high priest
 11223 | Orc:2    | Found a staircase to the Elven Halls.
 11513 | Orc:2    | Noticed an orc sorcerer
 11513 | Orc:2    | Paralysed by an orc sorcerer for 2 turns
 11514 | Orc:2    | Noticed an orc sorcerer
 11514 | Orc:2    | Noticed an orc sorcerer
 11515 | Orc:2    | Noticed an orc high priest
 11516 | Orc:2    | Noticed an orc high priest
 11520 | Orc:2    | Killed an orc sorcerer
 11525 | Orc:2    | Killed an orc high priest
 11526 | Orc:2    | Killed an orc sorcerer
 11532 | Orc:2    | Found Zaozeemi's Jewellery Shoppe.
 11532 | Orc:2    | Found Xaebyt's Jewellery Emporium.
 11686 | Orc:2    | Found Neenk's General Store.
 11690 | Orc:2    | Found Deiqonlerat's Magic Scroll Shoppe.
 12049 | Lair:1   | Entered Level 1 of the Lair of Beasts
 12059 | Lair:1   | Reached skill level 10 in Armour
 12341 | D:2      | Bought a +4 plate armour of poison resistance for 470 gold
                  | pieces
 12565 | Orc:2    | Bought a +4 ring of protection for 396 gold pieces
 12567 | Orc:2    | Bought a scroll of enchant armour for 112 gold pieces
 12633 | Lair:1   | Gained Arbeogh as an ally
 12634 | Lair:1   | Reached skill level 17 in Axes
 12730 | Lair:1   | Gained Norbak as an ally
 12934 | Lair:1   | Reached XP level 12. HP: 89/112 MP: 12/12
 13725 | Lair:2   | Reached skill level 18 in Axes
 13925 | Lair:2   | Found a staircase to the Shoals.
 14313 | Lair:2   | Found a hide-covered altar of Uskayaw.
 14322 | Lair:2   | Noticed a boulder beetle
 14324 | Lair:2   | Found an ornate altar of the Wu Jian Council.
 14328 | Lair:2   | Killed a boulder beetle
 14329 | Lair:2   | Reached skill level 19 in Axes
 14704 | Lair:2   | Found a staircase to the Snake Pit.
 15289 | Lair:3   | Noticed a skyshark
 15297 | Lair:3   | Killed a skyshark
 15333 | Lair:3   | Reached XP level 13. HP: 118/122 MP: 10/13
 15473 | Lair:3   | Reached ****** piety under Beogh
 15518 | Lair:3   | Found a transporter.
 15518 | Lair:3   | Noticed Peloso's ghost (journeyman MiFi)
 15571 | Lair:3   | Identified the +8 chain mail "Gaefynu" {Slay+6 SInv}
 15651 | Lair:3   | Found a transporter.
 15790 | Lair:3   | Reached skill level 1 in Invocations
 15930 | Lair:3   | Reached skill level 1 in Evocations
 15942 | Lair:3   | Reached skill level 20 in Axes
 15991 | Lair:3   | Identified the +1 leather armour of Mokaidasch {Int+2}
 16676 | Lair:4   | Reached skill level 1 in Throwing
 16983 | Lair:4   | Found a dark tunnel.
 16988 | Volcano  | Entered a volcano
 17379 | Volcano  | Found a bloodstained altar of Trog.
 17694 | Volcano  | Noticed a fire dragon
 17707 | Volcano  | Killed a fire dragon
 18151 | Lair:4   | Reached skill level 5 in Invocations
 18362 | Lair:4   | Reached XP level 14. HP: 104/132 MP: 18/18
 18634 | Lair:4   | Found a staircase to the Slime Pits.
 18635 | Lair:4   | Found a viscous altar of Jiyva.
 19138 | Lair:5   | Entered Level 5 of the Lair of Beasts
 19166 | Lair:5   | Reached skill level 5 in Evocations
 19686 | Lair:5   | Reached skill level 5 in Throwing
 20550 | D:10     | Entered Level 10 of the Dungeon
 20597 | D:10     | Identified the ring "Tosusa" {rPois rN+ AC+4 Str+4 Int-5}
 20960 | D:10     | Reached skill level 1 in Shields
 21058 | D:10     | Found a basalt altar of Yredelemnul.
 21154 | D:10     | Found Koeso's Distillery.
 21159 | D:10     | Bought a potion of berserk rage for 60 gold pieces
 21159 | D:10     | Bought a potion of curing for 36 gold pieces
 21159 | D:10     | Bought a potion of heal wounds for 60 gold pieces
 21392 | D:11     | Noticed Josephine
 21397 | D:11     | Killed Josephine
 21455 | D:11     | Noticed Maurice
 21456 | D:11     | Killed Maurice
 21458 | D:11     | Gained Bogric as an ally
 21505 | D:11     | You fall into a shaft and drop 1 floor!
 21545 | D:11     | Reached XP level 15. HP: 127/139 MP: 21/21
 22492 | D:12     | Found a roughly hewn altar of Beogh.
 22758 | Orc:2    | Bought the amulet "Boocanue" {Reflect ^Fragile rPois rCorr
                  | SH+5 Stlth+} for 704 gold pieces
 23002 | D:13     | Gained Warbeogh as an ally
 23973 | D:14     | Noticed Lodul
 23973 | D:14     | Noticed Urug
 23973 | D:14     | Found a gate to the Vaults.
 23977 | D:14     | Banished Lodul
 23978 | D:14     | Killed Urug
 24231 | D:14     | Found Sunomm's Assorted Antiques.
 24405 | D:14     | Found a shimmering blue altar of Sif Muna.
 24417 | D:14     | Got Sif Muna's Anthology of Black Spells
 24838 | D:14     | Found Muclo's Weapon Shop.
 24974 | D:15     | Entered Level 15 of the Dungeon
 25049 | D:15     | Identified a scroll of acquirement
 25050 | D:15     | Acquired 815 gold pieces
 25095 | D:14     | Bought the +5 scythe "Finisher" {speed, execute} for 836
                  | gold pieces
 25095 | D:14     | Found the +5 scythe "Finisher" {speed, execute}
 25822 | D:15     | Found Naucyd's Weapon Shop.
 25824 | D:15     | Found Govek's Antique Armour Shop.
 25824 | D:15     | Found Ufepnesi's Magic Scroll Shop.
 25826 | D:15     | Found Fehema's Antique Armour Shop.
 25839 | D:15     | Bought a scroll of teleportation for 57 gold pieces
 25839 | D:15     | Bought a scroll of teleportation for 57 gold pieces
 25839 | D:15     | Bought a scroll of teleportation for 57 gold pieces
 25839 | D:15     | Bought a scroll of enchant armour for 142 gold pieces
 25839 | D:15     | Bought a scroll of identify for 38 gold pieces
 25996 | D:15     | Reached skill level 15 in Fighting
 26471 | D:15     | Reached skill level 10 in Invocations
 26516 | D:15     | Found a staircase to the Depths.
 26857 | Elf:1    | Entered Level 1 of the Elven Halls
 26890 | Elf:1    | Reached skill level 5 in Shields
 27038 | Elf:1    | Found a huge runed translucent gate.
 27038 | Elf:1    | Found a huge runed translucent gate.
 27038 | Elf:1    | Found a huge runed translucent gate.
 27038 | Elf:1    | Found a huge runed translucent gate.
 27039 | Elf:1    | Found a huge runed translucent gate.
 27040 | Elf:1    | Found a huge runed translucent gate.
 27040 | Elf:1    | Found a huge runed translucent gate.
 27040 | Elf:1    | Found a huge runed translucent gate.
 27040 | Elf:1    | Found a huge runed translucent gate.
 27041 | Elf:1    | Found a huge runed translucent gate.
 27041 | Elf:1    | Found a huge runed translucent gate.
 27041 | Elf:1    | Found a huge runed translucent gate.
 27041 | Elf:1    | Found a huge runed translucent gate.
 27041 | Elf:1    | Found a huge runed translucent gate.
 27041 | Elf:1    | Found a huge runed translucent gate.
 27041 | Elf:1    | Found a huge runed translucent gate.
 27041 | Elf:1    | Found a huge runed translucent gate.
 27049 | Elf:1    | Found a huge runed translucent gate.
 27049 | Elf:1    | Found a huge runed translucent gate.
 27049 | Elf:1    | Found a huge runed translucent gate.
 27050 | Elf:1    | Noticed a deep elf elementalist
 27051 | Elf:1    | Noticed a deep elf blademaster
 27058 | Elf:1    | Killed a deep elf elementalist
 27062 | Elf:1    | Killed a deep elf blademaster
 27065 | Elf:1    | Gained Borgun as an ally
 27400 | Elf:1    | Found Fof Moch's General Store.
 27407 | Elf:1    | Found Oguull's Distillery.
 27409 | Elf:1    | Found Wunicunu's Jewellery Shoppe.
 27430 | Elf:1    | Bought a scroll of enchant weapon for 112 gold pieces
 27560 | Elf:1    | Noticed a deep elf sorcerer
 27772 | Elf:1    | Killed a deep elf sorcerer
 27773 | Elf:1    | Reached XP level 16. HP: 149/149 MP: 24/24
 28736 | Elf:2    | Your ally Warbeogh died
 28738 | Elf:2    | Gained Milork as an ally
 28787 | Elf:2    | Found a crumbling gateway.
 28811 | Desolati | Entered the Desolation of Salt
 29450 | Desolati | Got the Codex of Lithic Interference
 29501 | Desolati | Identified the +9 war axe "Wahanem" {flame, Str+4 Int-5
                  | Dex+4}
 29505 | Desolati | Identified the +3 scale mail "Gulaejo" {Int+4}
 29566 | Desolati | Identified the ring of Cynicism {rC+ Dex+4}
 29793 | Desolati | Got the Octavo of Cleavage and Direction
 29919 | Desolati | Gained Beowulf as an ally
 30095 | Desolati | Your ally Beowulf died
 30329 | Desolati | Got the Compilation of Venin
 30332 | Desolati | Got the Quarto of Virulence
 30336 | Desolati | Identified the +10 dire flail "Nuna" {vamp, rPois}
 31003 | Elf:2    | Found a runed translucent gate.
 31004 | Elf:2    | Found a runed translucent gate.
 31004 | Elf:2    | Found a runed translucent gate.
 31022 | Elf:2    | Reached skill level 10 in Evocations
 31022 | Elf:2    | Reached XP level 17. HP: 157/157 MP: 26/26
 31205 | Elf:2    | Noticed a deep elf blademaster
 31211 | Elf:2    | Your ally Bogric died
 31214 | Elf:2    | Killed a deep elf blademaster
 31564 | Elf:2    | Gained Beowulf as an ally
 32593 | Elf:3    | Entered Level 3 of the Elven Halls
 33176 | Abyss:3  | Cast into level 3 of the Abyss (a deep elf demonologist)
 33185 | Elf:3    | Escaped the Abyss
 33187 | Elf:3    | Noticed a deep elf master archer
 33194 | Elf:3    | Killed a deep elf master archer
 33196 | Elf:3    | Noticed a deep elf master archer
 33196 | Elf:3    | Noticed a deep elf master archer
 33198 | Elf:3    | Noticed a deep elf blademaster
 33200 | Elf:3    | Noticed a deep elf master archer
 33200 | Elf:3    | Noticed a deep elf blademaster
 33200 | Elf:3    | Your ally Beowulf died
 33203 | Elf:3    | Killed a deep elf master archer
 33204 | Elf:3    | Your ally Wulfoc died
 33205 | Elf:3    | Killed a ghostly deep elf master archer
 33205 | Elf:3    | Your ally Milork died
 33206 | Elf:3    | Your ally Norbak died
 33208 | Elf:3    | Your ally Borgun died
 33219 | Elf:3    | Your ally Arbeogh died
 33893 | Elf:3    | Killed a deep elf blademaster
 33942 | Elf:3    | Killed a deep elf blademaster
 33947 | Elf:3    | Killed a deep elf master archer
 34528 | Elf:3    | Killed a deep elf master archer
 36234 | Elf:3    | Identified the +7 great mace of Exquisite Torment {elec,
                  | rPois rC- rN+++ Str-3}
 36234 | Elf:3    | Identified the amulet "Kueg" {Harm rPois rC- Regen+}
 37413 | Abyss:3  | Cast into level 3 of the Abyss (a deep elf sorcerer)
 37419 | Abyss:3  | Killed Lodul
 37548 | Abyss:3  | Found a corrupted altar of Lugonu.
 37623 | Abyss:3  | Reached skill level 10 in Throwing
 37632 | Abyss:3  | Noticed a tentacled starspawn
 37645 | Abyss:3  | Killed a tentacled starspawn
 37678 | Abyss:3  | Found a corrupted altar of Lugonu.
 37687 | Abyss:3  | Reached skill level 10 in Shields
 37687 | Abyss:3  | Gained Bogdar as an ally
 37687 | Abyss:3  | Paralysed by accursed screaming for 1 turns
 37717 | Abyss:3  | Your ally Bogdar died
 37757 | Abyss:4  | Noticed a golden dragon
 37762 | Abyss:4  | Noticed an acid blob
 37762 | Abyss:4  | Noticed an acid blob
 37762 | Abyss:4  | Noticed an acid blob
 37763 | Abyss:4  | HP: 7/149 [golden dragon[a demonspawn corrupter] (33)]
 37764 | Abyss:4  | Mangled by a demonspawn corrupter

Illustrated notes

Levels and vault maps discovered:
D:1:      enne_arrival_octagon_isle, layout_basic,
          hellmonk_ecumenical_altar_watching_god
D:2:      layout_basic, serial_shops, nicolae_shop_behind_doors,
          nicolae_shop_tiny_glass, nicolae_shop_statue_plus, basic_altar,
          st_stairs_8
D:3:      layout_rooms
D:4:      layout_loops_cross, minmay_temple_entry_enclosed_plants,
          gammafunk_ghost_mausoleum, item_on_display_b
D:5:      layout_gridville, mainiacjoe_sewer_entry_somewhere_in_here_1
D:6:      layout_basic, serial_corexii_hall, corexii_hall_statues_deadend,
          chequers_hall_statues_wall_a
D:7:      layout_cave_pools, nicolae_overflow_quartered_altars,
          gammafunk_ghost_icy
D:8:      layout_loops_corners, hangedman_ru_absence, slow_altar_1,
          overflow_temple_1_default
D:9:      layout_loops_cross, mainiacjoe_overflow_catch_the_wave,
          lair_entry_dummy, orc_0_dummy, chequers_mini_garden,
          minmay_misc_feat_columns, kb_rosetta
D:10:     wad_crossroads, layout_basic, lemuel_mausoleum_altar_yredelemnul,
          serial_shops, kennysheep_little_box
D:11:     layout_rooms, uniq_josephine, uniq_maurice
D:12:     layout_small_grid, david_defended_altar_orc
D:13:     layout_basic, nicolae_water_bricks, minivault_1
D:14:     layout_roguey, david_vaults_3, serial_shops, shop,
          nicolae_shop_tiny_real_fake_doors, led_sif_book
D:15:     grunt_enter_depths_magical_seal, layout_basic,
          minmay_misc_feat_enclosed, minmay_shop_grid_forest
Lair:1:   layout_regular_city, wad_woods_road_02, lemuel_fruit_tree,
          grunt_megastairs_2
Lair:2:   layout_layer_cave, elwin_shoals_entry_rooms,
          minmay_snake_entry_six_corridors, nzn_masters_of_martial_movement,
          grunt_megastairs_5
Lair:3:   layout_cave_pods, nzn_ghost_randoct
Lair:4:   layout_roguey, slime_entry_1, enter_volcano_4,
          chequers_serial_rivers_large_b, nicolae_lair_lakeside_cave
Lair:5:   minmay_lair_end_enchanted_forest, layout_regular_city,
          nzn_sisyphean_effort
Orc:1:    layout_caves
Orc:2:    st_orc_mages, layout_diamond_mine, mines2_david
Elf:1:    eino_elf_arrival_sip, layout_geoelf_octagon, hangedman_elf_represent,
          nicolae_zig_zag_zippers, minmay_shop_star
Elf:2:    nicolae_elf_blades_crystal_corner, layout_gridlike,
          portal_desolation_entry_salt
Elf:3:    minmay_elf_hall_circle, layout_geoelf_grid, st_stairs_1
Abyss:4:  base: D:2, minivault_20

Skill      XL: |  1  2  3  4  5  6  7  8  9 10 11 12 13 14 15 16 17 |
---------------+----------------------------------------------------+-----
Armour         | 1 2 3 4 5 7 8 10 11 12 13 14 | 14.6
Fighting       | 4 5 6 7 9 10 11 13 14 15 16 | 16.3
Axes           | 5 6 7 8 10 13 15 17 19 20 | 20.6
Invocations    | 5 8 11 12 14 | 14.2
Evocations     | 4 6 8 10 11 | 11.1
Throwing       | 3 5 7 9 10 | 10.1
Shields        | 2 6 8 10 | 10.0
Dodging        | |  2.4

Action                     |  1- 3 |  4- 6 |  7- 9 | 10-12 | 13-15 | 16-18 || total
---------------------------+-------+-------+-------+-------+-------+-------++-------
  Melee: Hand axe          |    18 |       |       |       |       |       ||    18
         Battleaxe         |    42 |    92 |   213 |   324 |   396 |       ||  1067
         Broad axe         |       |       |       |       |   287 |   507 ||   794
  Throw: Dart              |       |       |    10 |       |     3 |       ||    13
         Javelin           |       |       |       |       |       |    13 ||    13
 Invoke: Convert to Beogh  |       |       |     1 |       |       |       ||     1
         Recall Orcish Fol |       |       |       |     4 |     5 |     1 ||    10
         Give Item to Name |       |       |       |     1 |     1 |     4 ||     6
    Use: Scroll            |       |     3 |     7 |     6 |    18 |    12 ||    46
         Potion            |       |       |     4 |       |       |    14 ||    18
   Stab: Sleeping          |       |     1 |       |       |       |       ||     1
         Distracted        |       |       |       |     4 |    12 |     3 ||    19
         Paralysed         |       |       |       |     2 |       |       ||     2
         Confused          |       |       |       |     1 |       |       ||     1
 Armour: Robe              |    23 |       |       |       |       |       ||    23
         Leather armour    |    11 |    28 |       |       |       |       ||    39
         Plate armour      |       |    54 |   298 |   350 |    31 |       ||   733
         Skin              |       |       |     1 |       |       |       ||     1
         Chain mail        |       |       |       |       |   592 |   341 ||   933
  Dodge: Dodged            |    58 |    42 |    68 |   123 |   208 |    86 ||   585
  Block: Tower shield      |       |       |       |       |   236 |   539 ||   775
         Reflection        |       |       |       |       |     7 |    39 ||    46
